 Dungeon Crawl Stone Soup version 0.29.1-15-g9cfb28693d (webtiles) character file.

Game seed: 10583261083172717331

1724 Anriel the Ducker (level 8, -2/41 HPs)
             Began as a Deep Elf Hedge Wizard on Feb 22, 2023.
             Slain by a killer bee (5 damage)
             ... on level 7 of the Dungeon.
             The game lasted 00:41:18 (7044 turns).

Anriel the Ducker (Deep Elf Hedge Wizard)           Turns: 7044, Time: 00:41:18

Health: -2/41      AC:  6    Str:  7    XL:     8   Next: 75%
Magic:  8/17       EV: 14    Int: 22    God:
Gold:   259        SH:  0    Dex: 14    Spells: 11/17 levels left

rFire   . . .      SeeInvis .   h - +1 dagger (elec)
rCold   . . .      Faith    .   (no shield)
rNeg    . . .      Spirit   .   b - +0 robe
rPois   .          Reflect  .   c - +0 hat
rElec   .          Harm     .   f - +2 cloak
rCorr   .          Rampage  +   (no gloves)
Will    +....                   a - +0 pair of boots {rampage}
Stlth   +++.......              e - amulet of the acrobat
HPRegen 0.13/turn               m - ring of willpower
MPRegen 0.15/turn               (no ring)

@: lethally poisoned (-2 -> -11)
A: no striking features
a: no special abilities


You were on level 7 of the Dungeon.
You visited 1 branch of the dungeon, and saw 7 of its levels.
You also visited: Sewer.

You collected 259 gold pieces.

Inventory:

Hand Weapons
 h - a +1 dagger of electrocution (weapon)
Armour
 a - a +0 pair of boots of rampaging (worn)
 b - a +0 robe (worn)
 c - a +0 hat (worn)
 f - a +2 cloak (worn)
 j - a +0 leather armour
Jewellery
 e - an amulet of the acrobat (around neck)
 m - a ring of willpower (left hand)
 o - an amulet of reflection
Scrolls
 d - 2 scrolls of butterflies
 t - a scroll of summoning
Potions
 i - a potion of attraction
 k - a potion of degeneration {unknown}
 l - 4 potions of flight
 n - a potion of mutation {unknown}
 p - a potion of lignification {unknown}
 r - 2 potions of resistance {unknown}
 u - a potion of magic
 v - 2 potions of heal wounds {unknown}


   Skills:
 - Level 5.1 Short Blades
 + Level 6.0 Dodging
 - Level 5.2 Stealth
 - Level 5.0 Spellcasting
 - Level 5.3 Conjurations
 - Level 5.1 Hexes
 - Level 1.1 Summonings
 + Level 4.7 Translocations


You had 11 spell levels left.
You knew the following spells:

 Your Spells              Type           Power      Damage    Failure   Level
a - Magic Dart            Conj           100%       1d8       1%          1
b - Blink                 Tloc           52%        N/A       2%          2
c - Slow                  Hex            100%       N/A       1%          1
d - Call Imp              Summ           10%        N/A       10%         2

Your spell library contained the following spells:

 Spells                   Type           Power      Damage    Failure   Level
 Lesser Beckoning         Tloc           26%        N/A       4%          3
 Conjure Flame            Conj/Fire      17%        6-21      10%         3
 Mephitic Cloud           Conj/Pois/Air  13%        N/A       14%         3
 Manifold Assault         Tloc           26%        N/A       38%         5
 Chain Lightning          Conj/Air       8%         3d11      100%        9
 Fire Storm               Conj/Fire      8%         8d2       100%        9
 Shatter                  Erth           2%         3d6*      100%        9


Dungeon Overview and Level Annotations

Branches:
Dungeon (7/15)              Sewer (visited)
 Temple: D:4-7

Altars:
Zin


Message History

The killer bee stings you but does no damage.
The killer bee misses you. The killer bee stings you.
You are more poisoned.
The killer bee poisons you! The killer bee barely misses you.
You feel better. The killer bee stings you. x2
You are poisoned.
The killer bee poisons you!
Your iron imp completely misses the killer bee.
The killer bee barely misses you. The killer bee misses you.
You hit the killer bee.
Lightning courses through the killer bee!!
You kill the killer bee!
You feel sick. The killer bee misses you.
Your iron imp barely misses the killer bee.
Your Dodging skill increases to level 6!
Unknown command.
You miss the killer bee.
You feel sick. The killer bee stings you.
* * * LOW HITPOINT WARNING * * *
You are lethally poisoned!
The killer bee poisons you! The killer bee closely misses you.
Unknown command.
Okay, then.
Aiming: Magic Dart (safe; 1% risk of failure)
Press: ? - help, Q - select action, (/) - cycle Shift-Dir - straight line, f - killer bee
Aim: a killer bee (ally target, 100% to hit)
The magic dart hits the killer bee!
The killer bee is moderately wounded.
* * * LOW HITPOINT WARNING * * *
You feel very sick. The killer bee barely misses you.
Your iron imp barely misses the killer bee.
The killer bee stings you but does no damage.
Aiming: Magic Dart (safe; 1% risk of failure)
Press: ? - help, Q - select action, (/) - cycle Shift-Dir - straight line, f/p - killer bee
Aim: a killer bee (moderately wounded, ally target, 100% to hit)
The magic dart hits the killer bee.
The killer bee is severely wounded.
* * * LOW HITPOINT WARNING * * *
You feel sick. The killer bee stings you.
You die...

#.####..##.⌠.##..#
..##...####.####.##
.......#.#.#.#.#..#
####..#.⌠.###.8.#.#
# ##..#.#.#.#.#..#
# ##.##.#.#.##.## #
#.# #.8.###.# # #..
##.# #..### #
..#.#.#.#.#@..# #
.#.⌠.# #.⌠.#y5# .
.# #.#.#...#
#.####....# #.⌠
:.....# ##
.........
.#........#
....#........
.######.......


You could see a killer bee (ally target) and a friendly iron imp (summoned).

Vanquished Creatures
  Menkaure (D:4)
  2 sky beasts
  An ogre (D:4)
  A black bear (D:6)
  2 phantoms
  2 bullfrogs (Sewer)
  2 scorpions
  3 killer bees (D:7)
  A jelly (D:4)
  A gnoll bouda (D:4)
  2 orc wizards
  14 gnolls
  10 adders
  2 river rats (Sewer)
  A shadow imp (D:5)
  A white imp (D:6)
  2 worms
  2 dart slugs
  8 orcs
  4 endoplasms
  5 giant cockroaches
  7 goblins
  9 hobgoblins
  6 jackals
  3 quokkas
  14 ball pythons
  8 bats
  5 frilled lizards
  5 kobolds
  28 rats
152 creatures vanquished.

Vanquished Creatures (collateral kills)
  A black bear (D:4)
  A hound (D:4)
  An orc wizard (D:3)
  An adder (Sewer)
  5 gnolls (D:4)
  3 river rats (Sewer)
  3 ball pythons (Sewer)
  A frilled lizard (Sewer)
  A rat (Sewer)
17 creatures vanquished.

Vanquished Creatures (others)
  2 plants (D:1)
2 creatures vanquished.

Grand Total: 171 creatures vanquished

Notes
Turn   | Place    | Note
-------+----------+-------------------------------------------
     0 | D:1      | Anriel the Deep Elf Hedge Wizard began the quest for the
                  | Orb.
     0 | D:1      | Reached XP level 1. HP: 10/10 MP: 7/7
   291 | D:1      | Reached XP level 2. HP: 15/15 MP: 3/9
   293 | D:1      | Reached skill level 3 in Dodging
   296 | D:1      | Learned a level 2 spell: Blink
   298 | D:1      | Learned a level 1 spell: Slow
   301 | D:1      | Learned a level 2 spell: Call Imp
   602 | D:1      | Reached skill level 5 in Spellcasting
   819 | D:1      | Reached XP level 3. HP: 7/19 MP: 2/11
  1203 | D:2      | Found a faded altar of an unknown god.
  1958 | D:2      | Reached skill level 4 in Dodging
  2541 | D:3      | Reached XP level 4. HP: 16/24 MP: 3/13
  2815 | D:3      | Found a glowing silver altar of Zin.
  2926 | D:3      | Noticed a scorpion
  3131 | D:3      | Reached XP level 5. HP: 21/28 MP: 2/14
  3138 | D:3      | Reached skill level 5 in Dodging
  3535 | D:4      | Noticed Menkaure
  3596 | D:4      | Noticed an ogre
  3743 | D:4      | Noticed a black bear
  3750 | D:4      | Reached XP level 6. HP: 32/32 MP: 10/15
  4061 | D:4      | Reached skill level 1 in Short Blades
  4228 | D:4      | Killed Menkaure
  4229 | D:4      | Reached skill level 5 in Conjurations
  4229 | D:4      | Reached XP level 7. HP: 19/36 MP: 5/16
  4363 | D:4      | Reached skill level 1 in Hexes
  5127 | D:5      | Entered Level 5 of the Dungeon
  5629 | D:6      | Reached skill level 5 in Hexes
  5629 | D:6      | Reached XP level 8. HP: 18/41 MP: 4/17
  5697 | D:6      | Reached skill level 5 in Short Blades
  6015 | D:6      | Found a glowing drain.
  6030 | Sewer    | Entered a sewer
  6761 | D:7      | Reached skill level 5 in Stealth
  7042 | D:7      | Reached skill level 6 in Dodging
  7044 | D:7      | Slain by a killer bee

Illustrated notes

Levels and vault maps discovered:
D:1:      dpeg_arrival_renting, layout_basic, serial_bayou_pond_c
D:2:      layout_loops_ring, basic_ecumenical_altar
D:3:      layout_basic, zin_treasury, st_stairs_11
D:4:      layout_basic, amcnicky_mini_rare_corridor_liquid, uniq_menkaure
D:5:      layout_loops_cross, okawaru_trees_1, lemuel_doored_altar,
          gammafunk_ghost_grave
D:6:      layout_rooms, portal_sewer_entry_f, grunt_ministairs_7
D:7:      layout_loops_ring, general_overflow_altar,
          minmay_temple_entry_slanted, grunt_decor_mini_mirrors, fountainhead,
          kennysheep_boxes

Skill      XL: |  1  2  3  4  5  6  7  8 |
---------------+-------------------------+-----
Dodging        | 3 4 5 6 |  6.0
Spellcasting   | 5 |  5.0
Conjurations   | 2 3 4 5 |  5.3
Short Blades   | 2 4 5 |  5.1
Hexes          | 5 |  5.1
Stealth        | 5 |  5.2
Translocations | 4 |  4.7
Summonings     | |  1.1

Action                   |  1- 3 |  4- 6 |  7- 9 || total
-------------------------+-------+-------+-------++-------
Melee: Dagger            |    26 |    29 |   130 ||   185
       Punch             |       |       |     2 ||     2
 Cast: Magic Dart        |   111 |    69 |   174 ||   354
       Blink             |     1 |     5 |     5 ||    11
       Call Imp          |     1 |    18 |    26 ||    45
       Slow              |       |     5 |    14 ||    19
  Use: Scroll            |     4 |     1 |     6 ||    11
       Potion            |       |     2 |     3 ||     5
 Stab: Sleeping          |     3 |       |     1 ||     4
Armor: Robe              |    10 |     8 |    46 ||    64
Dodge: Dodged            |    31 |    38 |   171 ||   240
